 Dungeon Crawl Stone Soup version 0.23-a0-358-g98c7a59ffc (webtiles) character file.

74218 Azzok the Archer (level 15, -17/115 HPs)
             Began as a Gnoll Transmuter on Oct 23, 2018.
             Was the Champion of Cheibriados.
             Demolished by an enormous slime creature (46 damage)
             ... on level 13 of the Dungeon.
             The game lasted 00:52:27 (28355 turns).

Azzok the Archer (Gnoll Transmuter)                Turns: 28355, Time: 00:52:28

Health: -17/115    AC: 23    Str: 34    XL:     15   Next: 46%
Magic:  11/30      EV: 21    Int: 43    God:    Cheibriados [******]
Gold:   585        SH:  0    Dex: 26    Spells: 14/36 levels left

rFire    . . .     SeeInvis .     - Unarmed
rCold    . . .     Gourm    .   (shield currently unavailable)
rNeg     . . .     Faith    .   I - +8 scale mail "Tapaskoi" {+Inv rElec rCorr Int+2}
rPois    +         Spirit   .   z - +0 helmet
rElec    +         Reflect  .   (no cloak)
rCorr    +         Harm     .   (gloves currently unavailable)
MR       +....                  s - +0 pair of boots
Stlth    ++++......             v - amulet of Lugonu's Delight {Acrobat Str+4 Dex-4}
HPRegen  1.29/turn              K - +4 ring of protection
MPRegen  0.22/turn              i - ring "Edeqek" {rPois Str+2 Int+4}

@: blade hands, regenerating, studying Bows, very slow
A: distributed training, fangs 1, strong nose
a: End Transformation, Bend Time, Temporal Distortion, Slouch, Step From Time,
Renounce Religion, Evoke Invisibility


You were on level 13 of the Dungeon.
You worshipped Cheibriados.
Cheibriados was exalted by your worship.
You were hungry.
You had blades for hands.
You visited 4 branches of the dungeon, and saw 22 of its levels.
You also visited: Sewer and Bailey.

You collected 2277 gold pieces.
You spent 1692 gold pieces at shops.

Inventory:

Hand Weapons
 E - the +7 broad axe of Thoughtfulness (melded) {freeze, +Inv rElec rPois Dex-2}
   (You found it on level 10 of the Dungeon)

   It has been specially enchanted to freeze those struck by it, causing extra
   injury to most foes and up to half again as much damage against particularly
   susceptible opponents.
   It can also slow down cold-blooded creatures.
   It affects your dexterity (-2).
   It insulates you from electricity.
   It protects you from poison.
   It lets you turn invisible.
Missiles
 a - 421 arrows
Armour
 s - a +0 pair of boots (worn)
 z - a +0 helmet (worn)
 I - the +8 scale mail "Tapaskoi" (worn) {+Inv rElec rCorr Int+2}
   (You found it on level 2 of the Lair of Beasts)

   It affects your intelligence (+2).
   It insulates you from electricity.
   It lets you turn invisible.
   It provides partial protection from all sources of acid and corrosion.
 N - a +2 pair of gloves (melded)
 Y - a +0 buckler (melded)
Jewellery
 g - an uncursed ring of flight
 i - the ring "Edeqek" (right scythe-like blade) {rPois Str+2 Int+4}
   (You acquired it on level 2 of the Orcish Mines)

   [ring of intelligence]

   It affects your strength (+2).
   It affects your intelligence (+4).
   It protects you from poison.
 v - the amulet of Lugonu's Delight (around neck) {Acrobat Str+4 Dex-4}
   (You found it on level 5 of the Dungeon)

   [amulet of the acrobat]

   It helps you evade while moving and waiting.
   It affects your strength (+4).
   It affects your dexterity (-4).
 C - an uncursed ring of wizardry
 H - an uncursed ring of protection from cold
 K - a +4 ring of protection (left scythe-like blade)
 Q - an uncursed ring of protection from magic
Wands
 L - a wand of disintegration (31)
 M - a wand of iceblast (14)
 V - a wand of acid (23)
 W - a wand of clouds (3)
Scrolls
 k - 6 scrolls of amnesia
 n - 7 scrolls of enchant armour
 o - 17 scrolls of teleportation
 r - 3 scrolls of fog
 t - 3 scrolls of immolation
 u - 4 scrolls of enchant weapon
 w - 7 scrolls of fear
 y - 9 scrolls of remove curse
 B - a scroll of random uselessness {unknown}
 D - 2 scrolls of magic mapping
 F - 4 scrolls of blinking
 P - a scroll of noise {unknown}
 S - a scroll of torment {unknown}
 T - a scroll of silence {unknown}
 X - a scroll of holy word {unknown}
 Z - a scroll of brand weapon {unknown}
Potions
 b - a potion of experience {unknown}
 c - 4 potions of lignification
 e - 5 potions of might
 f - 2 potions of magic
 h - 4 potions of brilliance
 j - 4 potions of haste
 l - 8 potions of curing
 m - 5 potions of resistance
 p - 10 potions of heal wounds
 q - a potion of invisibility {unknown}
 x - 4 potions of flight
 G - 5 potions of agility
 O - 3 potions of cancellation
 R - 2 potions of mutation {unknown}
Books
 A - a manual of Bows
Comestibles
 d - 43 rations
 J - 5 chunks of flesh


   Skills:
 + Level 10.2 Fighting
 + Level 9.9 Short Blades
 + Level 9.9 Long Blades
 + Level 9.9 Axes
 + Level 9.9 Maces & Flails
 + Level 9.9 Polearms
 + Level 9.9 Staves
 + Level 9.9 Slings
 + Level 13.2 Bows
 + Level 9.9 Crossbows
 + Level 9.9 Throwing
 + Level 9.9 Armour
 + Level 10.8 Dodging
 + Level 9.9 Stealth
 + Level 9.9 Shields
 + Level 11.7 Unarmed Combat
 + Level 11.0 Spellcasting
 + Level 8.3 Conjurations
 + Level 8.3 Hexes
 + Level 8.3 Charms
 + Level 8.3 Summonings
 + Level 8.3 Necromancy
 + Level 8.3 Translocations
 + Level 9.2 Transmutations
 + Level 8.3 Fire Magic
 + Level 8.3 Ice Magic
 + Level 8.3 Air Magic
 + Level 8.3 Earth Magic
 + Level 8.3 Poison Magic
 + Level 10.7 Invocations
 + Level 9.9 Evocations


You had 14 spell levels left.
You knew the following spells:

 Your Spells              Type           Power        Failure   Level  Hunger
a - Blade Hands           Tmut           #######...   17%         5    None
b - Ice Form              Ice/Tmut       #######.     12%         4    None
c - Regeneration          Chrm/Necr      #######...   9%          3    None
d - Confuse               Hex            #######.     9%          3    None
e - Borgnjor's Vile Clut  Necr/Erth      #######...   21%         5    None
g - Sticks to Snakes      Tmut           #######.     6%          2    None

Your spell library contained the following spells:

 Spells                   Type           Power        Failure   Level  Hunger
 Beastly Appendage        Tmut           ######       5%          1    None
 Animate Skeleton         Necr           N/A          6%          1    None
 Corona                   Hex            #######      6%          1    None
 Freeze                   Ice            ####         6%          1    None
 Magic Dart               Conj           ####         6%          1    None
 Pain                     Necr           ####         6%          1    None
 Shock                    Conj/Air       ####         6%          1    None
 Ensorcelled Hibernation  Hex/Ice        ######       7%          2    None
 Searing Ray              Conj           ######       7%          2    None
 Swiftness                Chrm/Air       #######.     7%          2    None
 Throw Frost              Conj/Ice       ######       7%          2    None
 Dazzling Spray           Conj/Hex       ######       9%          3    None
 Ozocubu's Armour         Chrm/Ice       #######.     9%          3    None
 Recall                   Summ/Tloc      N/A          9%          3    None
 Spider Form              Tmut/Pois      #######...   9%          3    None
 Static Discharge         Conj/Air       #######.     9%          3    None
 Tukima's Dance           Hex            #######.     9%          3    None
 Vampiric Draining        Necr           #######...   9%          3    None
 Airstrike                Air            #######...   13%         4    None
 Animate Dead             Necr           N/A          13%         4    None
 Force Lance              Conj/Tloc      #######.     13%         4    None
 Fulminant Prism          Conj/Hex       #######...   13%         4    None
 Iskenderun's Mystic Bla  Conj           #######.     13%         4    None
 Summon Ice Beast         Ice/Summ       #######.     13%         4    None
 Throw Icicle             Conj/Ice       #######.     13%         4    None
 Lightning Bolt           Conj/Air       #######...   21%         5    None
 Silence                  Hex/Air        #######...   21%         5    None
 Darkness                 Hex            #######...   47%         6    ###....
 Death Channel            Necr           #######...   47%         6    ###....
 Shadow Creatures         Summ           N/A          47%         6    ###....
 Simulacrum               Ice/Necr       #######...   47%         6    ###....


Dungeon Overview and Level Annotations

Branches:
Dungeon (13/15)            Temple (1/1) D:5            Lair (6/6) D:8
 Shoals (0/4) Lair:2        Snake (0/4) Lair:4        Slime (0/5) Lair:6
    Orc (2/2) D:12            Elf (0/3) Orc:2
 Vaults: D:13-14

Altars:
Ashenzari
Cheibriados
Dithmenos
Elyvilon
Fedhas
Gozag
Hepliaklqana
Kikubaaqudgha
Makhleb
Nemelex Xobeh
Okawaru
Qazlal
Ru
Sif Muna
Trog
Uskayaw
Vehumet
Wu Jian
Xom
Yredelemnul
Zin
The Shining One
Beogh

Shops:
D:4 *   D:7 [   D:8 =   Orc:1 !   Orc:2 ?**?

Portals:
Trove: D:12 (show abyssal rune of Zot)

Annotations:
D:10 4 runed doors


Innate Abilities, Weirdness & Mutations

Your experience applies equally to all skills.
You have very sharp teeth.
Your uncanny sense of smell can sniff out nearby items.


Message History

A killer bee comes into view.
Two slime creatures merge to form a large slime creature.
The large slime creature closely misses you.
The slime creature quivers.
You hit the killer bee. You slash the killer bee!
The killer bee is severely wounded.
The killer bee closely misses you.
The large slime creature hits you but does no damage.
You slice the killer bee!!
You kill the killer bee!
Cheibriados thoroughly appreciates the change of pace.
Two slime creatures merge to form an enormous slime creature.
You shred the slime creature!!!
The slime creature is severely wounded.
You hear an angry buzzing noise. x2
You shred the slime creature!!!
You kill the slime creature!
Cheibriados appreciates the change of pace.
The enormous slime creature hits you!!!
You die...

∆ ▒·▒ ∆ ∆∆ ▒·▒ ∆∆∆ ▒·▒ ≈≈≈·
▒·▒ ≈≈≈·· ▒▒▒▒▒▒▒·▒ ≈≈≈≈··
·····▒▒·▒ ·▒ ≈≈ ≈·· ▒y▒▒·▒▒·▒
·▒ ≈≈≈ ▒·▒▒▒▒
▒J▒▒·▒▒·▒▒▒▒▒▒·▒▒▒ ≈≈··▒····▒
▒@▒▒·▒▒···········
·········▒▒▒·▒▒·▒···▒▒·······
·············▒▒·▒·▒··········
··8···)·)···············▒····
······)·▒▒▒▒▒·▒▒▒▒·▒▒▒··▒····
········· ▒·▒ ▒·▒▒▒·······
·········· ▒·▒ ·············
··y···y···· ▒·· ·············
··············▒········▒▒▒···


You could see an enormous slime creature and a killer bee.

Vanquished Creatures
  2 orc warlords (Orc:2)
  2 entropy weavers (Lair:4)
  A great orb of eyes (D:10)
  A catoblepas (Lair:4)
  8 hydras
  2 centaur warriors
  9 two-headed ogres
  A queen ant (Lair:4)
  4 orc high priests (Orc:2)
  Sonja (D:11)
  5 orc sorcerers (Orc:2)
  9 orc knights
  2 wolf spiders (Lair:6)
  2 manticores
  2 ugly things (D:12)
  A cyclops (D:11)
  Joseph (D:9)
  4 elephants (Lair:6)
  A guardian serpent (Lair:6)
  10 black mambas (Lair:6)
  A torpor snail (Lair:6)
  14 spiny frogs
  8 komodo dragons
  3 hornets
  3 meliai (D:13)
  5 trolls
  20 blink frogs
  A slime creature (D:13)
  9 dream sheep (Lair:4)
  6 hippogriffs
  A spriggan (D:7)
  15 wyverns
  A vampire (D:12)
  21 yaks
  A wraith (D:11)
  Eustachio (D:5)
  A steam dragon (D:8)
  4 basilisks
  3 hungry ghosts
  4 wargs
  21 water moccasins
  5 soldier ants (Lair:4)
  10 porcupines
  A black bear (Lair:3)
  47 orc warriors
  2 sky beasts (D:10)
  An eye of draining (D:12)
  19 ogres
  A phantom (D:11)
  8 centaurs
  6 necrophages
  5 wolves (Lair:6)
  10 crocodiles
  A big kobold (D:12)
  13 bullfrogs
  A scorpion (D:5)
  7 killer bees
  An electric eel (Lair:5)
  A howler monkey (D:8)
  A lava snake (Lair:5)
  11 crimson imps
  2 quasits (D:6)
  9 hounds
  30 orc priests
  3 jellies
  A centaur skeleton (D:7)
  19 orc wizards
  2 iguanas
  2 bullfrog skeletons
  Ijyb (D:5)
  13 worker ants
  A killer bee zombie (D:6)
  2 worker ant zombies
  Robin (D:3)
  3 howler monkey skeletons
  6 adders
  4 gnolls (Orc:1)
  7 shadow imps
  A river rat (D:3)
  3 oozes
  3 adder skeletons
  2 worms
  2 dart slugs
  6 leopard geckos
  122 orcs
  8 giant cockroaches
  16 goblins
  7 hobgoblins
  14 jackals
  3 quokkas
  A ball python (D:3)
  12 bats
  15 frilled lizards
  6 kobolds
  A leopard gecko skeleton (D:6)
  2 quokka skeletons
  10 rats
  2 fungi (Lair:4)
704 creatures vanquished.

Vanquished Creatures (collateral kills)
  4 dream sheep (Lair:4)
  A worker ant (Lair:4)
  3 goblins (D:3)
  A hobgoblin (D:3)
  2 jackals (D:3)
  A giant cockroach zombie (D:5)
12 creatures vanquished.

Vanquished Creatures (others)
  An orc priest (Orc:2)
  An orc (Orc:2)
  36 fungi
  34 plants
72 creatures vanquished.

Grand Total: 788 creatures vanquished

Notes
Turn   | Place    | Note
-------+----------+-------------------------------------------
     0 | D:1      | Azzok the Gnoll Transmuter began the quest for the Orb.
     0 | D:1      | Reached XP level 1. HP: 17/17 MP: 6/6
   119 | D:1      | Reached XP level 2. HP: 9/23 MP: 5/7
   750 | D:1      | Learned a level 2 spell: Sticks to Snakes
   989 | D:2      | Found a basalt altar of Yredelemnul.
  1034 | D:2      | Reached XP level 3. HP: 28/28 MP: 9/9
  1039 | D:2      | Learned a level 3 spell: Spider Form
  1176 | D:2      | Reached skill level 5 in Spellcasting
  1516 | D:2      | Reached skill level 1 in Invocations
  1930 | D:2      | Reached skill level 1 in Short Blades
  1930 | D:2      | Reached skill level 1 in Long Blades
  1930 | D:2      | Reached skill level 1 in Axes
  1930 | D:2      | Reached skill level 1 in Maces & Flails
  1930 | D:2      | Reached skill level 1 in Polearms
  1930 | D:2      | Reached skill level 1 in Staves
  1930 | D:2      | Reached skill level 1 in Slings
  1930 | D:2      | Reached skill level 1 in Bows
  1930 | D:2      | Reached skill level 1 in Crossbows
  1930 | D:2      | Reached skill level 1 in Throwing
  1930 | D:2      | Reached skill level 1 in Armour
  1930 | D:2      | Reached skill level 1 in Stealth
  1930 | D:2      | Reached skill level 1 in Shields
  1930 | D:2      | Reached skill level 1 in Evocations
  2136 | D:2      | Reached XP level 4. HP: 31/34 MP: 11/11
  2438 | D:3      | Found a glowing drain.
  2442 | Sewer    | Entered a sewer
  2858 | D:3      | Reached skill level 1 in Conjurations
  2858 | D:3      | Reached skill level 1 in Hexes
  2858 | D:3      | Reached skill level 1 in Charms
  2858 | D:3      | Reached skill level 1 in Summonings
  2858 | D:3      | Reached skill level 1 in Necromancy
  2858 | D:3      | Reached skill level 1 in Translocations
  2858 | D:3      | Reached skill level 1 in Fire Magic
  2858 | D:3      | Reached skill level 1 in Ice Magic
  2858 | D:3      | Reached skill level 1 in Air Magic
  2858 | D:3      | Reached skill level 1 in Earth Magic
  2858 | D:3      | Reached skill level 1 in Poison Magic
  2858 | D:3      | Reached XP level 5. HP: 40/40 MP: 8/12
  3204 | D:3      | Noticed Robin
  3227 | D:3      | Killed Robin
  3534 | D:3      | Found a hazy altar of Hepliaklqana.
  3607 | D:4      | Reached XP level 6. HP: 46/47 MP: 10/13
  3661 | D:4      | Got a translucent falchion
  3950 | D:4      | Found an ornate altar of the Wu Jian Council.
  4087 | D:4      | Found a glowing silver altar of Zin.
  4143 | D:4      | Found Tuhymmen's Assorted Antiques.
  4186 | D:4      | Learned a level 3 spell: Confuse
  4217 | D:5      | Entered Level 5 of the Dungeon
  4301 | D:5      | Reached skill level 2 in Bows
  4301 | D:5      | Reached skill level 5 in Dodging
  4330 | D:5      | Found a staircase to the Ecumenical Temple.
  4332 | D:5      | Got a fine sapphire amulet
  4339 | Temple   | Entered the Ecumenical Temple
  4340 | Temple   | Identified the amulet of Lugonu's Delight {Acrobat Str+4
                  | Dex-4} (You found it on level 5 of the Dungeon)
  4342 | Temple   | Identified the +6 falchion of Buenosmo {slice, Dex+2} (You
                  | found it on level 4 of the Dungeon)
  4826 | D:5      | Learned a level 4 spell: Ice Form
  4843 | D:5      | Noticed Eustachio
  4853 | D:5      | Killed Eustachio
  4853 | D:5      | Reached XP level 7. HP: 47/52 MP: 11/15
  4971 | D:5      | Noticed Ijyb
  4984 | D:5      | Killed Ijyb
  5498 | D:6      | Reached XP level 8. HP: 59/60 MP: 16/16
  5502 | D:6      | Found a shattered altar of Ashenzari.
  5564 | D:6      | Reached skill level 3 in Bows
  5771 | D:6      | Found a snail-covered altar of Cheibriados.
  5916 | D:6      | Became a worshipper of Cheibriados the Contemplative
  7045 | D:7      | Found Focap's Antique Armour Boutique.
  7403 | D:7      | Found a shadowy altar of Dithmenos.
  7454 | D:7      | Reached skill level 4 in Bows
  7609 | D:7      | Reached * piety under Cheibriados
  7694 | D:7      | Noticed a spriggan baker
  7699 | D:7      | Killed a spriggan baker
  7699 | D:7      | Reached XP level 9. HP: 64/66 MP: 13/18
  7810 | D:7      | Found a burning altar of Makhleb.
  7905 | D:8      | Reached skill level 5 in Transmutations
  7908 | D:8      | Noticed a two-headed ogre
  7934 | D:8      | Killed a two-headed ogre
  7934 | D:8      | Reached skill level 5 in Fighting
  7934 | D:8      | Reached skill level 5 in Bows
  8244 | D:8      | Found Bucylic's Jewellery Shoppe.
  8252 | D:8      | Bought a cursed amulet of inaccuracy for 22 gold pieces
  8571 | D:8      | Noticed a komodo dragon
  8580 | D:8      | Killed a komodo dragon
  8580 | D:8      | Reached skill level 5 in Invocations
  8620 | D:8      | Reached skill level 6 in Bows
  8814 | D:8      | Noticed a komodo dragon
  8823 | D:8      | Killed a komodo dragon
  8823 | D:8      | Reached XP level 10. HP: 63/74 MP: 11/20
  9014 | D:8      | Found a staircase to the Lair.
  9018 | D:8      | Reached ** piety under Cheibriados
  9456 | D:9      | Reached skill level 5 in Short Blades
  9456 | D:9      | Reached skill level 5 in Long Blades
  9456 | D:9      | Reached skill level 5 in Axes
  9456 | D:9      | Reached skill level 5 in Maces & Flails
  9456 | D:9      | Reached skill level 5 in Polearms
  9456 | D:9      | Reached skill level 5 in Staves
  9456 | D:9      | Reached skill level 5 in Slings
  9456 | D:9      | Reached skill level 5 in Crossbows
  9456 | D:9      | Reached skill level 5 in Throwing
  9456 | D:9      | Reached skill level 5 in Armour
  9456 | D:9      | Reached skill level 5 in Stealth
  9456 | D:9      | Reached skill level 5 in Shields
  9456 | D:9      | Reached skill level 5 in Evocations
  9780 | D:9      | Noticed Joseph
  9798 | D:9      | Killed Joseph
 10228 | D:10     | Entered Level 10 of the Dungeon
 10379 | D:10     | Found a large runed door.
 10379 | D:10     | Noticed a skeletal warrior
 10380 | D:10     | Found a large runed door.
 10384 | D:10     | Found a large runed door.
 10384 | D:10     | Found a large runed door.
 10395 | D:10     | Noticed a centaur warrior
 10402 | D:10     | Killed a centaur warrior
 10402 | D:10     | Reached skill level 7 in Bows
 10821 | D:10     | Reached *** piety under Cheibriados
 11160 | D:10     | Noticed a two-headed ogre
 11174 | D:10     | Killed a two-headed ogre
 11236 | D:10     | Reached XP level 11. HP: 82/82 MP: 17/22
 11384 | D:10     | Noticed a two-headed ogre
 11401 | D:10     | Killed a two-headed ogre
 11637 | D:10     | Reached skill level 8 in Bows
 11678 | D:10     | Noticed a great orb of eyes
 11679 | D:10     | Paralysed by a great orb of eyes for 2 turns
 11688 | D:10     | Killed a great orb of eyes
 11688 | D:10     | Reached skill level 5 in Conjurations
 11688 | D:10     | Reached skill level 5 in Hexes
 11688 | D:10     | Reached skill level 5 in Charms
 11688 | D:10     | Reached skill level 5 in Summonings
 11688 | D:10     | Reached skill level 5 in Necromancy
 11688 | D:10     | Reached skill level 5 in Translocations
 11688 | D:10     | Reached skill level 5 in Fire Magic
 11688 | D:10     | Reached skill level 5 in Ice Magic
 11688 | D:10     | Reached skill level 5 in Air Magic
 11688 | D:10     | Reached skill level 5 in Earth Magic
 11688 | D:10     | Reached skill level 5 in Poison Magic
 11799 | D:10     | Got a crystal broad axe
 11800 | D:10     | Identified the +7 broad axe of Thoughtfulness {freeze, +Inv
                  | rElec rPois Dex-2} (You found it on level 10 of the
                  | Dungeon)
 12151 | Lair:1   | Entered Level 1 of the Lair of Beasts
 12179 | D:8      | HP: 3/99 [komodo dragon (10)]
 12782 | Lair:1   | Reached **** piety under Cheibriados
 12916 | Lair:1   | Noticed an eight-headed hydra
 12924 | Lair:1   | Killed an eight-headed hydra
 13118 | Lair:1   | Learned a level 5 spell: Blade Hands
 14296 | Lair:1   | Reached skill level 9 in Bows
 14647 | Lair:2   | Found a staircase to the Shoals.
 14647 | Lair:2   | Noticed a manticore
 14651 | Lair:2   | Killed a manticore
 14659 | Lair:2   | Reached XP level 12. HP: 53/91 MP: 19/24
 14892 | Lair:2   | Found a radiant altar of Vehumet.
 15130 | Lair:2   | Noticed a six-headed hydra
 15136 | Lair:2   | Killed a six-headed hydra
 15342 | Lair:2   | Reached ***** piety under Cheibriados
 16169 | Lair:3   | Noticed a five-headed hydra
 16179 | Lair:3   | Killed a five-headed hydra
 16794 | Lair:3   | Learned a level 3 spell: Regeneration
 17025 | Lair:3   | Reached skill level 10 in Bows
 17963 | Lair:4   | Found a staircase to the Snake Pit.
 18050 | Lair:4   | Reached skill level 10 in Unarmed Combat
 18175 | Lair:4   | Noticed an entropy weaver
 18175 | Lair:4   | Noticed an entropy weaver
 18176 | Lair:4   | Noticed a queen ant
 18179 | Lair:4   | Killed an entropy weaver
 18191 | Lair:4   | Killed an entropy weaver
 18191 | Lair:4   | Reached XP level 13. HP: 25/98 MP: 22/26
 18830 | Lair:4   | Reached ****** piety under Cheibriados
 19040 | Lair:4   | Learned a level 5 spell: Borgnjor's Vile Clutch
 19373 | Lair:5   | Reached skill level 11 in Bows
 19891 | Lair:5   | You fall through a shaft!
 19891 | Lair:6   | Entered Level 6 of the Lair of Beasts
 20240 | Lair:5   | Got a translucent flail
 20241 | Lair:5   | Identified the +11 flail "Fiejepru" {speed, +Rage MP+9}
                  | (You found it on level 5 of the Lair of Beasts)
 20368 | Lair:2   | Got a polished scale mail
 20369 | Lair:2   | Identified the +8 scale mail "Tapaskoi" {+Inv rElec rCorr
                  | Int+2} (You found it on level 2 of the Lair of Beasts)
 20657 | Lair:6   | Reached skill level 10 in Spellcasting
 20670 | Lair:6   | Reached XP level 14. HP: 82/108 MP: 17/28
 21084 | Lair:6   | Reached skill level 10 in Dodging
 21259 | Lair:6   | Reached skill level 12 in Bows
 21989 | Lair:6   | Found a staircase to the Slime Pits.
 22648 | D:11     | Noticed Sonja
 22650 | D:11     | Killed Sonja
 23165 | D:12     | Found a staircase to the Orcish Mines.
 23269 | D:12     | Found a flagged portal.
 23278 | Bailey   | Entered a bailey
 23440 | Bailey   | Reached skill level 10 in Invocations
 23807 | D:12     | Found a portal to a secret trove of treasure.
 24632 | Orc:1    | Entered Level 1 of the Orcish Mines
 24632 | Orc:1    | Found Udoadil's Distillery.
 25360 | Orc:2    | Entered Level 2 of the Orcish Mines
 25664 | Orc:2    | Noticed an orc warlord
 25679 | Orc:2    | Killed an orc warlord
 25719 | Orc:2    | Reached XP level 15. HP: 106/115 MP: 23/29
 26098 | Orc:2    | Found a staircase to the Elven Halls.
 26346 | Orc:2    | Reached skill level 10 in Fighting
 26475 | Orc:2    | Found a roughly hewn altar of Beogh.
 26623 | Orc:2    | Found Xuumenia's General Store.
 26667 | Orc:2    | Found Gosevix's Magic Scroll Shop.
 26680 | Orc:2    | Reached skill level 13 in Bows
 27018 | Orc:2    | Found Ryitofe's General Store.
 27074 | Orc:2    | Bought a scroll of identify for 28 gold pieces
 27074 | Orc:2    | Bought a scroll of identify for 28 gold pieces
 27087 | Orc:2    | Noticed an orc warlord
 27097 | Orc:2    | Killed an orc warlord
 27146 | Orc:2    | Found a roughly hewn altar of Beogh.
 27316 | Orc:2    | Found Geruocig's Magic Scroll Shop.
 27634 | Orc:2    | Bought a scroll of blinking for 112 gold pieces
 27634 | Orc:2    | Bought a scroll of teleportation for 45 gold pieces
 27634 | Orc:2    | Bought a scroll of teleportation for 45 gold pieces
 27665 | Orc:2    | Bought a potion of heal wounds for 70 gold pieces
 27725 | Orc:2    | Bought a scroll of acquirement for 780 gold pieces
 27725 | Orc:2    | Bought a scroll of identify for 30 gold pieces
 27725 | Orc:2    | Bought a scroll of identify for 30 gold pieces
 27725 | Orc:2    | Bought a scroll of blinking for 112 gold pieces
 27729 | Orc:2    | Got a slimy bronze ring
 27730 | Orc:2    | Identified the ring "Edeqek" {rPois Str+2 Int+4} (You
                  | acquired it on level 2 of the Orcish Mines)
 28035 | D:4      | Bought a hardcover book for 390 gold pieces
 28349 | D:13     | HP: 2/115 [titanic slime creature (90)]
 28355 | D:13     | Demolished by an enormous slime creature

Vault maps used:
D:1:      dpeg_arrival_simpleton_b, minmay_pentomino_t2
D:2:      lemuel_crystal_altar, st_stairs_10
D:3:      kennysheep_goblin_castle, marbit_many_paths, gup_sewer_entry_bowl,
          minmay_lizard_king
D:4:      zin_treasury, overflow_temple_1_default, serial_glass,
          glass_columns_b, glass_columns_a, glass_columns_a, serial_shops,
          kennysheep_mini_moat
D:5:      minmay_temple_entry_glass, first_ration, uniq_ijyb, uniq_eustachio
D:6:      ashenzari_conservatory_becter, kennysheep_slug_shrine,
          minmay_manual_mares
D:7:      makhleb_grotto_becter, lemuel_crystal_altar, serial_shops, shop,
          the_bakery
D:8:      erik_lair_dragon, serial_shops, shop
D:9:      hex_intersection, uniq_joseph
D:10:     minmay_misc_feat_nine_boxes, minmay_hollow_rounded_squares
D:11:     due_unseen_surprise, uniq_sonja
D:12:     david_orc_3, nicolae_trove_entry_crossroad, enter_bailey_8
D:13:     grunt_vaults_entry_fortified, ebering_ghost_gozag,
          kennysheep_decorative_pillar
Temple:   jpeg_temple_clearing
Lair:1:   enter_volcano_2
Lair:2:   minmay_shoals_entry_beasts, basic_altar, roderic_carrion_pond,
          grunt_megastairs_4, lemuel_fruit_tree
Lair:4:   dummy_snake_entry, wad_woods_antlair
Lair:5:   columned_hall_lemuel, beast_lair_carwin_5
Lair:6:   hangedman_lair_tendril_chambers, dpeg_slime_entry_corner,
          serial_bayou_shore_b
Orc:1:    serial_shops, shop, mines2_lemuel
Orc:2:    pubby_orc_utopia
Sewer:    sewer_fruit_machine
Bailey:   bailey_polearm_5, bailey

Skill      XL: |  1  2  3  4  5  6  7  8  9 10 11 12 13 14 15 |
---------------+----------------------------------------------+-----
Spellcasting   | 5 6 7 8 9 10 11 | 11.0
Invocations    | 1 2 3 4 5 6 7 8 9 10 | 10.7
Short Blades   | 1 2 3 4 5 6 7 8 9 |  9.9
Long Blades    | 1 2 3 4 5 6 7 8 9 |  9.9
Axes           | 1 2 3 4 5 6 7 8 9 |  9.9
Maces & Flails | 1 2 3 4 5 6 7 8 9 |  9.9
Polearms       | 1 2 3 4 5 6 7 8 9 |  9.9
Staves         | 1 2 3 4 5 6 7 8 9 |  9.9
Slings         | 1 2 3 4 5 6 7 8 9 |  9.9
Bows           | 1 2 4 6 7 9 10 11 12 13 | 13.2
Crossbows      | 1 2 3 4 5 6 7 8 9 |  9.9
Throwing       | 1 2 3 4 5 6 7 8 9 |  9.9
Armour         | 1 2 3 4 5 6 7 8 9 |  9.9
Stealth        | 1 2 3 4 5 6 7 8 9 |  9.9
Shields        | 1 2 3 4 5 6 7 8 9 |  9.9
Evocations     | 1 2 3 4 5 6 7 8 9 |  9.9
Conjurations   | 1 2 3 4 5 6 7 8 |  8.3
Hexes          | 1 2 3 4 5 6 7 8 |  8.3
Charms         | 1 2 3 4 5 6 7 8 |  8.3
Summonings     | 1 2 3 4 5 6 7 8 |  8.3
Necromancy     | 1 2 3 4 5 6 7 8 |  8.3
Translocations | 1 2 3 4 5 6 7 8 |  8.3
Fire Magic     | 1 2 3 4 5 6 7 8 |  8.3
Ice Magic      | 1 2 3 4 5 6 7 8 |  8.3
Air Magic      | 1 2 3 4 5 6 7 8 |  8.3
Earth Magic    | 1 2 3 4 5 6 7 8 |  8.3
Poison Magic   | 1 2 3 4 5 6 7 8 |  8.3
Fighting       | 3 4 5 6 7 8 9 10 | 10.2
Transmutations | 4 5 6 7 8 9 |  9.2
Dodging        | 5 6 7 8 9 10 | 10.8
Unarmed Combat | 7 8 9 10 11 | 11.7

Action                   |  1- 3 |  4- 6 |  7- 9 | 10-12 | 13-15 || total
-------------------------+-------+-------+-------+-------+-------++-------
Melee: Unarmed           |   123 |   180 |    98 |   295 |   650 ||  1346
       Bite              |    13 |     7 |    13 |    25 |   110 ||   168
       Headbutt          |     3 |       |       |       |       ||     3
       Kick              |     2 |       |       |       |       ||     2
       Punch             |     1 |       |     2 |    10 |    44 ||    57
       Falchion          |       |    11 |    88 |    13 |       ||   112
       Broad axe         |       |       |       |    30 |    98 ||   128
 Cast: Beastly Appendage |     7 |       |       |       |       ||     7
       Spider Form       |       |    15 |     6 |     1 |       ||    22
       Sticks to Snakes  |       |     4 |       |     2 |     2 ||     8
       Ice Form          |       |       |     9 |    26 |       ||    35
       Confuse           |       |       |     5 |    19 |     9 ||    33
       Blade Hands       |       |       |       |    25 |    89 ||   114
       Regeneration      |       |       |       |     4 |    68 ||    72
Invok: Bend Time         |       |       |       |     1 |       ||     1
       Step From Time    |       |       |       |       |     1 ||     1
       Slouch            |       |       |       |       |     1 ||     1
  Use: Scroll            |       |     7 |       |    11 |    16 ||    34
       Potion            |       |       |       |       |     1 ||     1
 Stab: Sleeping          |     3 |     1 |     4 |     4 |     9 ||    21
       Distracted        |       |     1 |       |     1 |     2 ||     4
       Confused          |       |       |     1 |     4 |     2 ||     7
  Eat: Chunk             |     4 |     8 |     8 |    16 |    14 ||    50
       Ration            |       |       |     2 |     1 |     2 ||     5
Armor: Robe              |    35 |    14 |    17 |     4 |       ||    70
       Skin              |       |    10 |     9 |    36 |       ||    55
       Chain mail        |       |       |       |    65 |    34 ||    99
       Scale mail        |       |       |       |       |   183 ||   183
Dodge: Dodged            |   104 |   168 |   149 |   307 |  1017 ||  1745
Block: Buckler           |       |       |       |       |    38 ||    38
       Rpst.: Falchion   |       |     6 |    24 |     1 |       ||    31

Table legend:
 A = Non-vault XP
 B = Vault XP
 C = Vault XP percentage of total XP
 D = Non-vault monster count
 E = Vault monster count
 F = Vault count percentage of total count
                 A         B        C        D         E       F
            +---------+---------+-------+---------+---------+-------
      Total |   54247 |   51779 |  48.8 |     379 |     336 |  47.0
            +---------+---------+-------+---------+---------+-------
        D:1 |      30 |       1 |   3.2 |      17 |       1 |   5.6
        D:2 |      47 |       5 |   9.6 |      24 |       4 |  14.3
        D:3 |      56 |      81 |  59.1 |       7 |      33 |  82.5
        D:4 |     126 |       0 |   0.0 |      16 |       0 |   0.0
        D:5 |     316 |     232 |  42.3 |      11 |       2 |  15.4
        D:6 |     329 |     232 |  41.4 |      12 |       3 |  20.0
        D:7 |     698 |     259 |  27.1 |      19 |       2 |   9.5
        D:8 |    1777 |    1543 |  46.5 |      16 |       6 |  27.3
        D:9 |     925 |     493 |  34.8 |      15 |       1 |   6.2
       D:10 |    2697 |    2467 |  47.8 |      21 |       8 |  27.6
       D:11 |    3605 |     391 |   9.8 |      13 |       1 |   7.1
       D:12 |    4123 |     250 |   5.7 |      24 |       7 |  22.6
       D:13 |    2838 |       0 |   0.0 |      15 |       0 |   0.0
     Lair:1 |    4591 |       0 |   0.0 |      17 |       0 |   0.0
     Lair:2 |    3442 |    1841 |  34.8 |      15 |       9 |  37.5
     Lair:3 |    4770 |       0 |   0.0 |      19 |       0 |   0.0
     Lair:4 |    8105 |    4660 |  36.5 |      33 |      15 |  31.2
     Lair:5 |    3460 |    1613 |  31.8 |      15 |       5 |  25.0
     Lair:6 |   10218 |   10434 |  50.5 |      34 |      35 |  50.7
      Orc:1 |    2094 |       0 |   0.0 |      36 |       0 |   0.0
      Orc:2 |       0 |   23706 | 100.0 |       0 |     149 | 100.0
      Sewer |       0 |      34 | 100.0 |       0 |      15 | 100.0
     Bailey |       0 |    3537 | 100.0 |       0 |      40 | 100.0
            +---------+---------+-------+---------+---------+-------
